 Dungeon Crawl Stone Soup version 0.26.1-11-gd32895ea62 (webtiles) character file.

Game seed: 18382957405971864112

95 Elvor the Sneak (level 4, 0/28 HPs)
             Began as a Gargoyle Delver on Apr 15, 2021.
             Killed by divine providence
             ... invoked by an orc priest
              (13 damage)
             ... on level 3 of the Dungeon.
             The game lasted 00:11:23 (2044 turns).

Elvor the Sneak (Gargoyle Delver)                   Turns: 2044, Time: 00:11:23

Health: 0/28       AC: 10    Str: 16    XL:     4   Next: 65%
Magic:  4/4        EV:  9    Int: 11    God:
Gold:   100        SH:  4    Dex: 17    Spells: 3/3 levels left

rFire    . . .     SeeInvis .   a - +0 mace
rCold    . . .     Faith    .   y - +0 buckler
rNeg     + . .     Spirit   .   w - +0 scale mail
rPois    ∞         Reflect  .   (no helmet)
rElec    +         Harm     .   (no cloak)
rCorr    .         Rampage  .   l - +0 pair of gloves
Will     .....                  (no boots)
Stlth    ++........             (no amulet)
HPRegen  0.09/turn              i - ring of wizardry
MPRegen  0.09/turn              r - +6 ring of dexterity

@: no status effects
A: negative energy resistance 1, electricity resistance, unbreathing,
petrification resistance, miasma immunity, AC +3
a: no special abilities


You were on level 3 of the Dungeon.
You visited 1 branch of the dungeon, and saw 5 of its levels.

You collected 100 gold pieces.

Inventory:

Hand Weapons
 a - a +0 mace (weapon)
Missiles
 k - 84 stones
 v - 19 poisoned darts
 z - 4 boomerangs (quivered)
Armour
 b - a +0 leather armour
 l - a +0 pair of gloves (worn)
 w - a +0 scale mail (worn)
 y - a +0 buckler (worn)
Jewellery
 i - a ring of wizardry (left hand)
 r - a +6 ring of dexterity (right hand)
Wands
 g - a wand of digging (3)
Scrolls
 c - a scroll of fog
 d - a scroll of magic mapping
 e - a scroll of fear
 f - a scroll of blinking {unknown}
 h - a scroll of acquirement {unknown}
 j - a scroll of teleportation {unknown}
 m - a scroll of amnesia {unknown}
 n - a scroll of remove curse {unknown}
 s - a scroll of random uselessness {unknown}
 t - a scroll of noise {unknown}
 u - a scroll of identify {unknown}
Potions
 o - a potion of might {unknown}
 p - a potion of curing {unknown}
 q - a potion of resistance {unknown}
 x - a potion of degeneration {unknown}


   Skills:
 + Level 3.5 Fighting
 * Level 3.4 Maces & Flails
 + Level 1.0 Armour
 + Level 1.9 Dodging
 + Level 6.2 Stealth


You had 3 spell levels left.
You didn't know any spells.
Your spell library was empty.

Dungeon Overview and Level Annotations

Branches:
Dungeon (5/15)
 Temple: D:4-7

Altars:
Zin
The Shining One
Beogh

Annotations:
D:4 Eustachio
D:5 3 runed translucent doors, Elvor's ghost, weakling GrDe


Innate Abilities, Weirdness & Mutations

You are resistant to torment.
Your stone body is resilient. (AC +3)
You are immune to poison.
You resist negative energy. (rN+)
You are resistant to electric shocks. (rElec)
You can survive without breathing.
You are immune to petrification.
You are immune to miasma.


Message History

You block the orc priest's attack.
The orc priest looks encouraged for a moment.
You hit the orc priest.
The orc priest is heavily wounded.
The orc priest looks satisfied for a moment.
You closely miss the orc priest.
The orc priest is heavily wounded.
The orc priest invokes the aid of Beogh against you.
Beogh smites you!
You closely miss the orc priest.
The orc priest is heavily wounded.
The orc priest hits you but does no damage. x2
You hit the orc priest but do no damage.
The orc priest is heavily wounded.
The orc priest hits you.
You hit the orc priest.
The orc priest is severely wounded.
The orc priest mumbles some strange prayers to Beogh against you.
Beogh smites you!
You die...

..####+#o.?......#
............######
.......<....+
............#
.....?......# ..
#...##........#
..###.. #........#
.......###o.......#
#.......##@.......#
#.......##........#
#.......##........#
#.......#)..#######
g.......[..<##
#............#
#............#
.............#
.....####...##


You could see an orc priest.

Vanquished Creatures
  A worker ant zombie (D:2)
  3 adders (D:2)
  A worm (D:2)
  A dart slug (D:2)
  7 orcs
  A ball python (D:1)
  A giant cockroach (D:1)
  2 hobgoblins (D:2)
  5 jackals
  6 kobolds
  4 bats (D:1)
  2 frilled lizards
  5 goblins
  7 rats
46 creatures vanquished.

Vanquished Creatures (others)
  A plant (D:4)
1 creature vanquished.

Grand Total: 47 creatures vanquished

Notes
Turn   | Place    | Note
-------+----------+-------------------------------------------
     0 | D:5      | Elvor the Gargoyle Delver began the quest for the Orb.
     0 | D:5      | Reached XP level 1. HP: 14/14 MP: 1/1
    22 | D:5      | Found a runed translucent gate.
    23 | D:5      | Found a runed translucent gate.
    23 | D:5      | Found a runed translucent gate.
    23 | D:5      | Noticed a worker ant
    24 | D:5      | Noticed Elvor's ghost (weakling GrDe)
    25 | D:5      | Noticed an orc priest
    26 | D:5      | Noticed an orc priest
    27 | D:5      | Found a roughly hewn altar of Beogh.
    36 | D:4      | Noticed Eustachio
   286 | D:3      | Noticed an orc priest
   330 | D:2      | Found a glowing silver altar of Zin.
   400 | D:2      | Found a glowing golden altar of the Shining One.
   517 | D:1      | Reached XP level 2. HP: 16/19 MP: 2/2
   812 | D:1      | Reached skill level 6 in Stealth
   967 | D:1      | Reached XP level 3. HP: 23/23 MP: 3/3
  1481 | D:2      | Reached XP level 4. HP: 20/28 MP: 4/4
  1725 | D:2      | Reached skill level 1 in Armour
  2044 | D:3      | Killed from afar by an orc priest

Illustrated notes

Levels and vault maps discovered:
D:1:      dpeg_arrival_prison, layout_loops_ring
D:2:      layout_rooms, nicolae_tso_carved_into_rock, lemuel_round_altar,
          minmay_misc_feat_hallway
D:3:      layout_basic, old_standard_altar, overflow_temple_1_default,
          minmay_misc_feat_four_crosses
D:4:      layout_basic, yredelemnul_forgotten_temple_becter, kennysheep_mini,
          chequers_big_river, corexii_corridor_pit, uniq_eustachio, uniq_pikel
D:5:      layout_loops_ring, minmay_temple_entry_waves, basic_altar,
          biasface_ghost_orc_armoury, nicolae_dithmenos_through_a_glass_darkly,
          uniq_ijyb

Skill      XL: |  1  2  3  4 |
---------------+-------------+-----
Stealth        | 6 |  6.2
Maces & Flails | 3 |  3.4
Armour         | 1 |  1.0
Fighting       | |  3.5
Dodging        | |  1.9

Action                   |  1- 3 |  4- 6 || total
-------------------------+-------+-------++-------
Melee: Mace              |   103 |    69 ||   172
Throw: Boomerang         |       |     8 ||     8
       Stone             |       |     4 ||     4
  Use: Potion            |     1 |       ||     1
       Scroll            |       |     1 ||     1
 Stab: Sleeping          |     5 |     1 ||     6
Armor: Leather armour    |    45 |       ||    45
       Scale mail        |    13 |    38 ||    51
Dodge: Dodged            |    75 |    20 ||    95
Block: Buckler           |       |     8 ||     8
